AoeStats
← 嘉宝叔叔

Migration

509323342Analyzed
1v1 RM · 7d ago on Sep 26, 2026· 101m 16s· 2 players
Game mode
Random Map
Map size
132×132
Population
200
Speed
Normal
Resources
Standard
Victory
Conquest
Starting age
Dark Age
Ending age
Imperial Age
RankedLock teamsTeams togetherTeam positionsShared explorationLock speedFull tech treeHidden civsTurbo modeCheats
Victory
Defeat
🇩🇪 Japanese · Germany
1325
+18
🇨🇳 Koreans · China
1362
-40
BasmatiRitter
11:01 Feudal Age
11:54 Double-Bit Axe
12:55 Fishing Lines
18:17 Castle Age
17:14 Fletching
17:21 Loom
18:12 Wheelbarrow
17:25 Town Watch
19:10 Medium Warships
19:00 Bodkin Arrow
18:59 Gillnets
19:55 Bow Saw
25:34 Hand Cart
30:28 Clinker Construction
31:20 Scale Mail Armor
32:36 Chain Mail Armor
32:26 Squires
32:42 Horse Collar
35:12 Forging
38:59 Imperial Age
37:56 Padded Archer Armor
38:32 Iron Casting
38:12 Heavy Plow
38:08 Gold Mining
38:53 Thumb Ring
38:10 Elite Skirmisher
40:05 Conscription
41:06 Chemistry
40:44 Ballistics
40:32 Bracer
41:58 Careening
42:09 Carvel Hull
42:17 Shipwright
43:31 Two-Man Saw
43:04 Heavy Warships
43:18 Leather Archer Armor
45:16 Hoardings
45:30 Siege Engineers
45:47 Dry Dock
46:14 Kataparuto
46:28 Elite Cannon Galleon
50:46 Ring Archer Armor
50:48 Plate Mail Armor
51:19 Blast Furnace
67:24 Masonry
95:14 Scale Barding Armor
96:13 Husbandry
96:24 Bloodlines
95:35 Light Cavalry
98:57 Chain Barding Armor
嘉宝叔叔
11:43 Feudal Age
12:31 Town Watch
15:29 Castle Age
13:20 Double-Bit Axe
13:38 Horse Collar
15:18 Fishing Lines
16:43 Bow Saw
16:38 Fishing Lines
17:46 Horse Collar
21:14 Loom
21:33 Heavy Plow
28:16 Wheelbarrow
35:55 Imperial Age
33:59 Fletching
33:33 Crossbowman
39:31 Imperial Age
40:43 Ballistics
41:56 Chemistry
41:10 Bodkin Arrow
43:17 Bracer
44:06 Arbalester
44:52 Thumb Ring
49:04 Siege Engineers
50:37 Heated Shot
54:45 Two-Man Saw
61:59 Stone Mining
62:00 Gold Mining
62:55 Elite Turtle Ship
67:01 Shinkichon
69:51 Sanctity
73:05 Elite Cannon Galleon
76:56 Careening
77:03 Clinker Construction
77:32 Shipwright
79:38 Guilds
80:38 Hand Cart
85:20 Hand Cart
85:20 Hand Cart
Connection lost

Rejoining the realm…

Still unreachable

The connection could not be restored.

Session expired

The server has moved on; the page needs a fresh start.